 Dungeon Crawl Stone Soup version 0.22.1 (webtiles) character file.

27605 MalarOregon the Cleaver (level 13, 0/119 HPs)
             Began as a Hill Orc Fighter on Sept 17, 2018.
             Was a High Priest of Yredelemnul.
             Slain by a nine-headed hydra (9 damage)
             ... on level 5 of the Lair of Beasts.
             The game lasted 00:33:20 (14431 turns).

MalarOregon the Cleaver (Hill Orc Fighter)         Turns: 14431, Time: 00:33:21

Health: 0/119      AC: 15    Str: 20    XL:     13   Next: 33%
Magic:  25/25      EV:  7    Int: 12    God:    Yredelemnul [*****.]
Gold:   535        SH: 18    Dex: 13    Spells: 3/12 levels left

rFire    . . .     SeeInvis .   a - +2 war axe (drain)
rCold    + . .     Gourm    .   n - +0 large shield
rNeg     . . .     Faith    .   x - +0 scale mail of Iminuxt {rC+ Dex+3} (curse)
rPois    .         Spirit   .   i - +0 helmet
rElec    .         Reflect  .   c - scarf {cloud immunity}
rCorr    .         Harm     .   f - +0 pair of gloves
MR       +....                  C - +2 pair of boots
Stlth    ..........             (no amulet)
HPRegen  0.29/turn              o - ring of magical power
MPRegen  0.19/turn              l - ring of protection from magic

@: slowed, very slow
A: no striking features
a: Recall Undead Slaves, Injury Mirror, Animate Dead, Drain Life, Enslave Soul,
Renounce Religion


You were on level 5 of the Lair of Beasts.
You worshipped Yredelemnul.
Yredelemnul was extremely pleased with you.
You were not hungry.

You visited 2 branches of the dungeon, and saw 15 of its levels.
You also visited: Ossuary.

You collected 880 gold pieces.
You spent 345 gold pieces at shops.

Inventory:

Hand Weapons
 a - a +2 war axe of draining (weapon)
 F - a +0 hand axe of electrocution
   (You found it on level 3 of the Lair of Beasts)
Armour
 c - a scarf of cloud immunity (worn)
   (You found it on level 2 of the Lair of Beasts)
 f - a +0 pair of gloves (worn)
   (You found it on level 2 of the Dungeon)
 i - a +0 helmet (worn)
   (You found it on level 3 of the Dungeon)
 n - a +0 large shield (worn)
   (You found it on level 6 of the Dungeon)
 x - the cursed +0 scale mail of Iminuxt (worn) {rC+ Dex+3}
   (You took it off an orc on level 3 of the Dungeon)

   It affects your dexterity (+3).
   It protects you from cold.
   It has a curse placed upon it.
 C - a +2 pair of boots (worn)
   (You found it on level 3 of the Lair of Beasts)
Jewellery
 l - a ring of protection from magic (right hand)
   (You found it on level 6 of the Dungeon)
 o - a ring of magical power (left hand)
   (You found it on level 3 of the Dungeon)
 H - an uncursed ring of fire {unknown}
   (You found it on level 5 of the Lair of Beasts)
Wands
 d - a wand of iceblast (7)
   (You took it off an orc wizard on level 6 of the Dungeon)
 k - a wand of polymorph (4)
   (You took it off Jessica on level 3 of the Dungeon)
 u - a wand of paralysis (17)
   (You found it on level 3 of the Dungeon)
 y - a wand of clouds (5)
   (You found it on level 2 of the Lair of Beasts)
Scrolls
 g - 10 scrolls of identify {@r1}
 h - 3 scrolls of amnesia
 j - 4 scrolls of fog
 p - a scroll of immolation {unknown}
 q - a scroll of acquirement
 r - 4 scrolls of teleportation {@r4}
 s - 4 scrolls of magic mapping
 t - 8 scrolls of remove curse {@r2}
 v - a scroll of blinking
 B - a scroll of enchant armour
 D - a scroll of vulnerability {!r}
 J - a scroll of summoning
Potions
 b - 3 potions of berserk rage
 m - 2 potions of mutation {unknown}
 w - a potion of haste {@q3}
 z - a potion of lignification {!q}
 E - a potion of invisibility
 G - 2 potions of brilliance {unknown}
 I - a potion of curing {@q1}
Comestibles
 e - 27 rations {!d}
 A - 32 chunks of flesh


   Skills:
 + Level 12.9 Fighting
 + Level 13.7 Axes
 + Level 12.0 Armour
 + Level 12.0 Shields
 - Level 5.0 Invocations
 - Level 5.0 Evocations


You had 3 spell levels left.
You knew the following spells:

 Your Spells              Type           Power        Failure   Level  Hunger
q - Sticky Flame          Conj/Fire      #.......     100%        4    #####..
x - Fireball              Conj/Fire      #.........   100%        5    ######.

Your spell library contained the following spells:

 Spells                   Type           Power        Failure   Level  Hunger
 Animate Skeleton         Necr           N/A          99%         1    ##.....
 Apportation              Tloc           #.....       99%         1    ##.....
 Confusing Touch          Hex            #.....       99%         1    ##.....
 Flame Tongue             Conj/Fire      #....        99%         1    ##.....
 Magic Dart               Conj           #...         99%         1    ##.....
 Sandblast                Erth           #.....       99%         1    ##.....
 Summon Small Mammal      Summ           #...         99%         1    ##.....
 Passwall                 Tmut/Erth      #.......     99%         2    ###....
 Searing Ray              Conj           #.....       99%         2    ###....
 Throw Flame              Conj/Fire      #.....       99%         2    ###....
 Conjure Flame            Conj/Fire      #.......     100%        3    ####...
 Dazzling Spray           Conj/Hex       #.....       100%        3    ####...
 Inner Flame              Hex/Fire       #.......     100%        3    ####...
 Stone Arrow              Conj/Erth      #.....       100%        3    ####...
 Force Lance              Conj/Tloc      #.......     100%        4    #####..
 Fulminant Prism          Conj/Hex       #.........   100%        4    #####..
 Iskenderun's Mystic Bla  Conj           #.......     100%        4    #####..
 Petrify                  Tmut/Erth      #.......     100%        4    #####..
 Lee's Rapid Deconstruct  Erth           #.........   100%        5    ######.


Dungeon Overview and Level Annotations

Branches:
Dungeon (10/15)            Temple (0/1) D:6            Lair (5/6) D:8
  Swamp (0/4) Lair:3        Snake (0/4) Lair:2          Orc (0/2) D:9
  Slime: Lair:5-6

Altars:
Elyvilon
Gozag
Hepliaklqana
Makhleb
Qazlal
Trog
Yredelemnul
Zin
The Shining One
Beogh

Shops:
D:5 :[(   D:8 ?   D:9 [

Annotations:
D:7 Ymberto's ghost, novice HuHu


Message History

* * * LOW HITPOINT WARNING * * *
The nine-headed hydra bites you!
* * * LOW HITPOINT WARNING * * *
Your flying skull hits the nine-headed hydra.
The yak gores you but does no damage.
Your phantasmal warrior blinks!
The nine-headed hydra bites your flying skull! x2
Your flying skull is destroyed!
The nine-headed hydra bites you.
* * * LOW HITPOINT WARNING * * *
The nine-headed hydra bites you.
* * * LOW HITPOINT WARNING * * *
The nine-headed hydra bites you.
* * * LOW HITPOINT WARNING * * *
The nine-headed hydra bites you.
* * * LOW HITPOINT WARNING * * *
The nine-headed hydra barely misses you.
The nine-headed hydra bites you.
* * * LOW HITPOINT WARNING * * *
The nine-headed hydra closely misses you.
The yak gores you but does no damage.
Unknown command.
Unknown command.
Unknown command.
The yak gores your phantasmal warrior but does no damage.
Your phantasmal warrior hits the yak!!
The yak dies!
Yredelemnul accepts your kill.
You block the nine-headed hydra's attack. x4
The nine-headed hydra barely misses you.
The nine-headed hydra bites you but does no damage. x2
The nine-headed hydra bites you.
* * * LOW HITPOINT WARNING * * *
The nine-headed hydra closely misses you.
The yak gores you but does no damage.
Your phantasmal warrior blinks!
The nine-headed hydra completely misses you.
The nine-headed hydra bites you but does no damage.
The nine-headed hydra bites you.
* * * LOW HITPOINT WARNING * * *
The nine-headed hydra bites you.
* * * LOW HITPOINT WARNING * * *
You block the nine-headed hydra's attack.
The nine-headed hydra bites you!
* * * LOW HITPOINT WARNING * * *
You block the nine-headed hydra's attack.
The nine-headed hydra closely misses you.
The nine-headed hydra bites you!
You die...
Your body rises from the dead as a mindless zombie.

.......#..### .♣
...##......# .♣♣
...##...#.## ♣♣.P♣
...P...## # ♣≈≈♣
........# ♣♣♣♣P≈♣♣♣ ♣
P.###.####♣♣♣P♣P...P♣.♣
.## #.P##...≈≈≈≈≈≈≈≈≈≈.
## ##......♣.♣P.≈.≈♣♣≈
#P..#.##♣♣♣♣♣@§P♣
#####.#### ♣DY♣♣
#.#..W## ♣♣Y≈♣ #.....#
♣Y♣♣ #P...##


wW♣ ##..## .Y. #.#### ♣... ##.W.P# ..§.# #....## ..... You could see a
nine-headed hydra, 4 yaks and a friendly phantasmal warrior.

Vanquished Creatures
  An entropy weaver (Lair:3)
  A two-headed ogre (D:8)
  4 death yaks
  A swamp dragon (Lair:3)
  Pikel (D:9)
  3 elephants (Lair:4)
  6 black mambas
  4 spiny frogs
  A komodo dragon (Lair:4)
  6 hippogriffs
  3 blink frogs
  A spriggan (D:8)
  A wyvern (Lair:3)
  13 yaks
  A hungry ghost (D:8)
  The ghost of Phong the Caller, an amateur BaSu (D:4)
  6 porcupines
  12 water moccasins
  3 sky beasts
  5 orc warriors
  4 black bears
  2 phantoms
  A necrophage (D:10)
  2 ogres
  7 crocodiles
  2 wolves (Lair:1)
  3 centaurs
  A big kobold (D:6)
  3 elf zombies (Ossuary)
  The ghost of kalagan the Firebug, an amateur DEFE of Vehumet (D:3)
  11 bullfrogs
  A gnoll sergeant (D:5)
  4 scorpions
  4 killer bees (D:7)
  An electric eel (D:8)
  6 wights
  4 howler monkeys
  4 crimson imps
  A bullfrog zombie (D:8)
  A quasit (D:5)
  A hound (D:5)
  A human zombie (Ossuary)
  2 orc priests (D:6)
  A bullfrog skeleton (D:8)
  Jessica (D:3)
  A centaur skeleton (D:7)
  An iguana (D:9)
  3 orc wizards
  4 worker ants
  A killer bee zombie (D:5)
  2 hound zombies (Ossuary)
  A hound skeleton (D:4)
  3 mummies (Ossuary)
  A worker ant zombie (D:7)
  4 gnolls (D:5)
  13 adders
  2 shadow imps
  2 oozes
  7 adder zombies
  5 adder skeletons
  2 worms
  A dart slug (D:3)
  7 leopard geckos
  44 orcs
  8 ball pythons
  7 giant cockroaches
  6 goblins
  A hobgoblin (D:1)
  4 jackals (D:2)
  8 kobolds
  4 quokkas
  10 bats
  A frilled lizard (D:1)
  2 gnoll zombies (Ossuary)
  4 goblin zombies (Ossuary)
  A hobgoblin zombie (Ossuary)
  5 jackal zombies
  5 kobold zombies (Ossuary)
  A leopard gecko skeleton (D:4)
  2 orc zombies (Ossuary)
  2 quokka zombies (Ossuary)
  15 rats
  3 rat zombies (Ossuary)
  2 fungi
  A plant (D:8)
339 creatures vanquished.

Vanquished Creatures (collateral kills)
  2 hydras (Lair:4)
  A centaur warrior (D:10)
  2 two-headed ogres
  A black mamba (Lair:5)
  3 elephants (Lair:4)
  A spiny frog (Lair:1)
  A komodo dragon (Lair:1)
  A troll (D:9)
  10 blink frogs
  4 hippogriffs
  A vampire (D:9)
  14 yaks
  A wyvern (Lair:3)
  A basilisk (Lair:2)
  A hungry ghost (D:10)
  5 water moccasins
  A porcupine (Lair:4)
  A wolf (Lair:1)
  8 crocodiles
  4 bullfrogs
  A wyvern skeleton (D:9)
  3 wights (D:10)
  6 electric eels (D:8)
  A crimson imp (D:10)
  An orc priest (D:9)
  An orc wizard (D:9)
  An iguana (D:9)
  An orc (D:9)
  A quokka (D:10)
  3 fungi
  3 plants
85 creatures vanquished.

Vanquished Creatures (others)
  9 flying skulls
  2 slaves (D:9)
  2 wights
  An orc priest (D:9)
  A centaur skeleton (D:6)
  2 mummies (Lair:2)
  3 orcs (D:9)
  A kobold zombie (D:6)
  4 fungi
  A plant (Lair:5)
26 creatures vanquished.

Grand Total: 450 creatures vanquished

Notes
Turn   | Place    | Note
-------+----------+-------------------------------------------
     0 | D:1      | MalarOregon the Hill Orc Fighter began the quest for the
                  | Orb.
     0 | D:1      | Reached XP level 1. HP: 19/19 MP: 1/1
    31 | D:1      | Reached XP level 2. HP: 15/27 MP: 2/2
    97 | D:1      | Reached skill level 3 in Axes
   499 | D:1      | Reached XP level 3. HP: 33/33 MP: 3/3
  1351 | D:2      | Reached XP level 4. HP: 40/40 MP: 4/4
  1718 | D:3      | Found a runed gate.
  1718 | D:3      | Found a runed gate.
  1718 | D:3      | Found a runed gate.
  1910 | D:3      | Found a basalt altar of Yredelemnul.
  1910 | D:3      | Found a burning altar of Makhleb.
  1923 | D:3      | Noticed Jessica
  1926 | D:3      | Killed Jessica
  1926 | D:3      | Reached skill level 4 in Axes
  1930 | D:3      | Reached XP level 5. HP: 47/47 MP: 5/5
  1961 | D:3      | Found a transporter.
  2003 | D:3      | Found a transporter.
  2089 | D:3      | Found a glowing silver altar of Zin.
  2119 | D:3      | Noticed kalagan's ghost (amateur DEFE)
  2132 | D:3      | Found a roughly hewn altar of Beogh.
  2312 | D:3      | Killed kalagan's ghost
  2312 | D:3      | Reached XP level 6. HP: 49/55 MP: 6/6
  2315 | D:3      | Reached skill level 5 in Fighting
  2324 | D:3      | Got an ichor-stained scale mail
  2407 | D:3      | Became a worshipper of Yredelemnul the Dark
  2439 | D:3      | Identified the cursed +0 scale mail of Iminuxt {rC+ Dex+3}
                  | (You took it off an orc on level 3 of the Dungeon)
  2638 | D:4      | Reached skill level 5 in Axes
  2794 | D:4      | Reached skill level 5 in Armour
  2957 | D:4      | Found a runed gate.
  2957 | D:4      | Found a runed gate.
  2957 | D:4      | Found a runed gate.
  2957 | D:4      | Noticed Phong's ghost (amateur BaSu)
  3086 | D:4      | Killed Phong's ghost
  3086 | D:4      | Reached skill level 5 in Shields
  3086 | D:4      | Reached XP level 7. HP: 30/62 MP: 7/7
  3212 | D:5      | Entered Level 5 of the Dungeon
  3240 | D:5      | Reached * piety under Yredelemnul
  3305 | D:5      | Found Xadoenet's Antique Armour Boutique.
  3325 | D:5      | Found a sand-covered staircase.
  3330 | Ossuary  | Entered an ossuary
  3368 | Ossuary  | Reached skill level 6 in Axes
  3412 | Ossuary  | Reached XP level 8. HP: 20/71 MP: 8/8
  3694 | Ossuary  | Reached ** piety under Yredelemnul
  3937 | D:5      | Found Wueloat's Book Emporium.
  4071 | D:5      | Reached skill level 7 in Axes
  4103 | D:5      | Found a hazy altar of Hepliaklqana.
  4201 | D:5      | Found Ute Wiov's Weapon Shop.
  4469 | D:5      | Found a white marble altar of Elyvilon.
  4469 | D:5      | Found a glowing golden altar of the Shining One.
  4496 | D:5      | Found Siveuq's Magic Scroll Shoppe.
  4571 | D:5      | Bought a scroll of remove curse for 30 gold pieces
  4571 | D:5      | Bought a scroll of identify for 20 gold pieces
  4571 | D:5      | Bought a scroll of identify for 20 gold pieces
  4571 | D:5      | Bought a scroll of identify for 20 gold pieces
  4571 | D:5      | Bought a scroll of remove curse for 30 gold pieces
  4571 | D:5      | Bought a scroll of magic mapping for 35 gold pieces
  4571 | D:5      | Bought a scroll of magic mapping for 35 gold pieces
  4571 | D:5      | Bought a scroll of remove curse for 30 gold pieces
  4571 | D:5      | Bought a scroll of blinking for 75 gold pieces
  4571 | D:5      | Bought a scroll of remove curse for 30 gold pieces
  4689 | D:6      | Found a staircase to the Ecumenical Temple.
  4777 | D:6      | Reached *** piety under Yredelemnul
  4808 | D:6      | Reached XP level 9. HP: 40/79 MP: 9/9
  4860 | D:6      | Reached skill level 8 in Axes
  5634 | D:5      | Bought a scroll of identify for 20 gold pieces
  5777 | D:7      | Found a runed door.
  5778 | D:7      | Noticed Ymberto's ghost (novice HuHu)
  5820 | D:7      | Found a bloodstained altar of Trog.
  5821 | D:7      | Found an opulent altar of Gozag.
  5826 | D:7      | Found a stormy altar of Qazlal.
  6699 | D:8      | Reached skill level 9 in Axes
  7114 | D:8      | Reached XP level 10. HP: 85/91 MP: 10/10
  7242 | D:8      | Reached **** piety under Yredelemnul
  7308 | D:8      | Found Yfant's Magic Scroll Shop.
  7454 | D:8      | Reached skill level 1 in Invocations
  7738 | D:8      | Noticed a two-headed ogre
  7748 | D:8      | Killed a two-headed ogre
  7748 | D:8      | Reached skill level 10 in Axes
  7748 | D:8      | Reached skill level 1 in Evocations
  7748 | D:8      | Received a gift from Yredelemnul (4 flying skulls)
  8332 | D:8      | Found a staircase to the Lair.
  8661 | D:9      | Noticed a two-headed ogre
  8667 | D:9      | Killed a two-headed ogre
  8667 | D:9      | Reached skill level 10 in Fighting
  8672 | D:9      | Noticed Pikel
  8683 | D:9      | Killed Pikel
  8683 | D:9      | Reached XP level 11. HP: 96/99 MP: 13/13
  8783 | D:9      | Found Esoenn's Armour Emporium.
  8789 | D:9      | Received a gift from Yredelemnul (a wight)
  8957 | D:9      | Found a staircase to the Orcish Mines.
  9125 | D:10     | Entered Level 10 of the Dungeon
  9300 | D:10     | Noticed a two-headed ogre
  9306 | D:10     | Killed a two-headed ogre
  9502 | D:10     | Noticed a centaur warrior
  9510 | D:10     | Killed a centaur warrior
 10303 | Lair:1   | Entered Level 1 of the Lair of Beasts
 10320 | Lair:1   | Reached skill level 11 in Axes
 10349 | Lair:1   | Reached skill level 5 in Invocations
 10373 | Lair:1   | Received a gift from Yredelemnul (a mummy)
 10394 | Lair:1   | Reached skill level 10 in Armour
 10483 | Lair:1   | Reached skill level 10 in Shields
 10950 | Lair:1   | Noticed Sonja
 10951 | Lair:1   | Noticed Sonja
 10951 | Lair:1   | Sonja changed into Sonja the yak
 10954 | Lair:1   | Killed Sonja the yak
 11361 | Lair:2   | Reached skill level 5 in Evocations
 11376 | Lair:2   | Reached XP level 12. HP: 107/110 MP: 15/15
 11411 | Lair:2   | Received a gift from Yredelemnul (a mummy)
 11459 | Lair:2   | Reached skill level 12 in Axes
 11527 | Lair:2   | Found a staircase to the Snake Pit.
 11541 | Lair:2   | Reached ***** piety under Yredelemnul
 12405 | Lair:3   | Learned a level 4 spell: Sticky Flame
 12411 | Lair:3   | Learned a level 5 spell: Fireball
 12447 | Lair:3   | Identified a scroll of acquirement
 12521 | Lair:3   | Received a gift from Yredelemnul (5 flying skulls)
 12523 | Lair:3   | Found a staircase to the Swamp.
 13127 | Lair:3   | Noticed a five-headed hydra
 13140 | Lair:3   | Noticed an entropy weaver
 13140 | Lair:3   | a five-headed hydra changed into an entropy weaver
 13145 | Lair:3   | Killed an entropy weaver
 13317 | Lair:4   | Received a gift from Yredelemnul (a wight)
 13370 | Lair:4   | Noticed a seven-headed hydra
 13370 | Lair:4   | Noticed a five-headed hydra
 13378 | Lair:4   | Killed a seven-headed hydra
 13378 | Lair:4   | Reached skill level 13 in Axes
 13381 | Lair:4   | Killed a five-headed hydra
 13555 | Lair:4   | Reached XP level 13. HP: 82/119 MP: 16/16
 14226 | Lair:5   | Received a gift from Yredelemnul (a phantasmal warrior)
 14431 | Lair:5   | Slain by a nine-headed hydra

Skill      XL: |  1  2  3  4  5  6  7  8  9 10 11 12 13 |
---------------+----------------------------------------+-----
Axes           | 3 4 5 6 7 9 10 11 13 | 13.7
Fighting       | 4 5 6 7 9 10 11 12 | 12.9
Armour         | 4 5 7 8 9 10 11 12 | 12.0
Shields        | 4 5 6 8 9 10 11 12 | 12.0
Invocations    | 3 5 |  5.0
Evocations     | 3 5 |  5.0

Action                   |  1- 3 |  4- 6 |  7- 9 | 10-12 | 13-15 || total
-------------------------+-------+-------+-------+-------+-------++-------
Melee: War axe           |   154 |   217 |   524 |   467 |   107 ||  1469
Invok: Animate Dead      |       |       |     1 |       |       ||     1
       Recall Undead Sla |       |       |       |     2 |       ||     2
Evoke: Wand              |       |       |       |    15 |       ||    15
  Use: Scroll            |       |     8 |     1 |    14 |       ||    23
       Potion            |       |     2 |     8 |     1 |       ||    11
 Stab: Distracted        |       |       |       |     6 |     2 ||     8
  Eat: Chunk             |     1 |     6 |     8 |    22 |     3 ||    40
       Ration            |       |       |     2 |     1 |       ||     3
Armor: Scale mail        |    10 |    52 |   243 |   152 |    39 ||   496
       Plate armour      |   112 |   133 |       |       |       ||   245
Dodge: Dodged            |    33 |    46 |   160 |    64 |    25 ||   328
Block: Shield            |    86 |   134 |   180 |       |       ||   400
       Large shield      |       |       |   158 |   373 |    89 ||   620
